 Dungeon Crawl Stone Soup version 0.23.2-33-g5129a83184 (webtiles) character file.

Game seed: 11103835338916161337

4538 Felnil the Protected (level 10, -9/70 HPs)
             Began as a Mummy Fighter on Aug 9, 2019.
             Was an Elder of Okawaru.
             Mangled by an orc warrior
             ... wielding a +0 dire flail
              (14 damage)
             ... on level 9 of the Dungeon.
             The game lasted 00:32:07 (8201 turns).

Felnil the Protected (Mummy Fighter)                Turns: 8201, Time: 00:32:08

Health: -9/70      AC: 17    Str: 24    XL:     10   Next: 17%
Magic:  10/10      EV:  5    Int:  9    God:    Okawaru [****..]
Gold:   449        SH:  9    Dex: 11    Spells: 9/9 levels left

rFire    x . .     SeeInvis .   k - +3 dagger (speed)
rCold    + . .     Gourm    .   c - +0 shield
rNeg     + + +     Faith    .   f - +2 plate armour
rPois    ∞         Spirit   .   (no helmet)
rElec    .         Reflect  .   (no cloak)
rCorr    +         Harm     .   (no gloves)
MR       +....                  (no boots)
Stlth    ..........             h - amulet of regeneration
HPRegen  0.61/turn              o - +2 ring of intelligence
MPRegen  0.12/turn              m - ring of resist corrosion

@: no status effects
A: no food or potions, fire vulnerability, cold resistance 1, negative energy
resistance 3, torment resistance, unbreathing
a: Heroism, Renounce Religion


You were on level 9 of the Dungeon.
You worshipped Okawaru.
Okawaru was greatly pleased with you.
You were not hungry.

You visited 1 branch of the dungeon, and saw 9 of its levels.

You collected 449 gold pieces.

Inventory:

Hand Weapons
 a - a +0 rapier
 j - a +2 hand axe of freezing
 k - a +3 dagger of speed (weapon)
 q - a +2 long sword of slicing
Armour
 c - a +0 shield (worn)
 f - a +2 plate armour (worn)
Jewellery
 h - an amulet of regeneration (around neck)
 m - a ring of resist corrosion (right hand)
 o - a +2 ring of intelligence (left hand)
Wands
 g - a wand of flame (4)
Scrolls
 b - a scroll of fog
 d - 4 scrolls of remove curse
 e - a scroll of teleportation
 i - 2 scrolls of magic mapping
 l - 2 scrolls of identify
 p - 2 scrolls of amnesia


   Skills:
 - Level 3.0 Fighting
 - Level 1.5 Short Blades
 + Level 12.4 Armour
 - Level 2.4 Shields


You had 9 spell levels left.
You didn't know any spells.
Your spell library was empty.

Dungeon Overview and Level Annotations

Branches:
Dungeon (9/15)             Temple (0/1) D:7
   Lair: D:8-11         Orc: D:9-12

Altars:
Elyvilon
Fedhas
Gozag
Hepliaklqana
Makhleb
Okawaru
Qazlal
Wu Jian

Shops:
D:9 ?

Annotations:
D:7 Erica


Innate Abilities, Weirdness & Mutations

You do not eat or drink.
Your flesh is vulnerable to fire.
You are immune to poison.
Your flesh is cold resistant. (rC+)
You are immune to negative energy. (rN+++)
You are immune to unholy pain and torment.
You can survive without breathing.


Message History

* * * LOW HITPOINT WARNING * * *
The orc hits you but does no damage.
You hit the orc but do no damage.
The orc is almost dead.
You block the orc warrior's attack.
Your shield and plate armour prevent you from hitting the orc.
The orc is almost dead.
You block the orc's attack.
You hit the orc.
You kill the orc!
Okawaru accepts your kill.
The orc warrior hits you with a +0 dire flail!
* * * LOW HITPOINT WARNING * * *
The orc warrior barely misses you.
You climb downwards.
The phantom hits you but does no damage.
There is a stone staircase leading up here.
You block the phantom's attack.
The orc warrior hits you with a +0 dire flail!
You die...

####.#######.....
#)####........
########...).)....# #
.........####§#.####.#
########.#..#.#......#.
###.....∩..>......
.......#.##?#.###!##.
#.####W#.....[.# ?
...{...)##...@o#
o..#.#.g##....W...[#
#....######.......
....... .##.#..
#.#.#.## .. .... # ....
.#. #.. .# ## .#. ## ##
.# #


You could see a phantom and an orc warrior.

Vanquished Creatures
  Pikel (D:6)
  Joseph (D:7)
  Prince Ribbit (D:7)
  2 hungry ghosts
  Duvessa (D:7)
  A water moccasin (D:7)
  2 black bears (D:8)
  3 ice beasts (D:8)
  An orc warrior (D:7)
  2 sky beasts
  5 ogres
  A phantom (D:8)
  3 centaurs
  6 bullfrogs
  Dowan (D:7)
  A howler monkey (D:8)
  A hound (D:5)
  3 jellies
  A bullfrog skeleton (D:5)
  A centaur skeleton (D:6)
  5 orc priests
  An iguana (D:4)
  11 orc wizards
  4 worker ants
  A hound zombie (D:7)
  A worker ant zombie (D:6)
  10 gnolls
  12 adders
  2 shadow imps (D:6)
  An ooze (D:3)
  3 worms
  An adder skeleton (D:6)
  A dart slug (D:5)
  4 leopard geckos
  31 orcs
  2 giant cockroaches
  11 goblins
  7 hobgoblins
  3 jackals (D:7)
  4 quokkas
  3 ball pythons
  6 bats
  4 frilled lizards
  15 kobolds
  A leopard gecko skeleton (D:8)
  A quokka zombie (D:5)
  7 rats
  3 fungi (D:1)
193 creatures vanquished.

Vanquished Creatures (others)
  7 toadstools (D:1)
7 creatures vanquished.

Grand Total: 200 creatures vanquished

Notes
Turn   | Place    | Note
-------+----------+-------------------------------------------
     0 | D:1      | Felnil the Mummy Fighter began the quest for the Orb.
     0 | D:1      | Reached XP level 1. HP: 18/18 MP: 1/1
   358 | D:1      | Reached skill level 3 in Armour
   358 | D:1      | Reached XP level 2. HP: 24/24 MP: 2/2
  1134 | D:2      | Reached XP level 3. HP: 26/29 MP: 3/3
  1414 | D:2      | Found a hazy altar of Hepliaklqana.
  1526 | D:3      | Found an iron altar of Okawaru.
  1530 | D:3      | Reached skill level 4 in Armour
  1531 | D:3      | Reached XP level 4. HP: 29/35 MP: 4/4
  1541 | D:3      | Became a worshipper of Warmaster Okawaru
  1623 | D:3      | Found an ornate altar of the Wu Jian Council.
  2610 | D:4      | Found an opulent altar of Gozag.
  2612 | D:4      | Noticed an ogre
  2620 | D:4      | Killed an ogre
  2620 | D:4      | Reached skill level 5 in Armour
  2620 | D:4      | Reached XP level 5. HP: 41/41 MP: 5/5
  2998 | D:5      | Entered Level 5 of the Dungeon
  2998 | D:5      | Noticed an ogre
  2998 | D:5      | Noticed an ogre
  3040 | D:5      | Noticed an ogre
  3053 | D:5      | Reached XP level 6. HP: 47/47 MP: 6/6
  3112 | D:5      | Reached * piety under Okawaru
  3129 | D:4      | Reached skill level 6 in Armour
  3372 | D:5      | Reached XP level 7. HP: 52/52 MP: 7/7
  3390 | D:5      | Reached ** piety under Okawaru
  3390 | D:5      | Reached skill level 7 in Armour
  3465 | D:5      | Found a burning altar of Makhleb.
  3465 | D:5      | Noticed an Executioner
  3900 | D:6      | Reached skill level 8 in Armour
  3960 | D:6      | Found a stormy altar of Qazlal.
  4195 | D:6      | Reached XP level 8. HP: 45/58 MP: 8/8
  4508 | D:6      | Noticed Pikel
  4526 | D:6      | Killed Pikel
  4526 | D:6      | Reached *** piety under Okawaru
  4526 | D:6      | Reached skill level 9 in Armour
  4850 | D:7      | Noticed Dowan
  4851 | D:7      | Noticed Duvessa
  4939 | D:7      | Reached skill level 10 in Armour
  5016 | D:7      | Noticed Prince Ribbit
  5023 | D:7      | Killed Prince Ribbit
  5023 | D:7      | Reached XP level 9. HP: 53/63 MP: 9/9
  5194 | D:7      | Found a staircase to the Ecumenical Temple.
  5198 | D:7      | Reached **** piety under Okawaru
  5395 | D:7      | Noticed Joseph
  5424 | D:7      | Killed Joseph
  5424 | D:7      | Reached skill level 11 in Armour
  5540 | D:7      | Found a blossoming altar of Fedhas.
  6017 | D:7      | Killed Dowan
  6070 | D:7      | Killed Duvessa
  6379 | D:8      | Reached skill level 12 in Armour
  6583 | D:8      | Found a white marble altar of Elyvilon.
  6634 | D:8      | Reached XP level 10. HP: 68/70 MP: 10/10
  6661 | D:8      | Paralysed by an orc for 5 turns
  6876 | D:8      | Noticed Erica
  8030 | D:9      | Found Mez Ifiw's Magic Scroll Emporium.
  8198 | D:8      | HP: 2/70 [orc warrior/+0 dire flail (15)]
  8201 | D:9      | Mangled by an orc warrior

Skill      XL: |  1  2  3  4  5  6  7  8  9 |
---------------+----------------------------+-----
Armour         | 3 4 5 6 8 10 12 | 12.4
Fighting       | |  3.0
Short Blades   | |  1.5
Shields        | |  2.4

Action                   |  1- 3 |  4- 6 |  7- 9 | 10-12 || total
-------------------------+-------+-------+-------+-------++-------
Melee: Rapier            |   156 |   284 |   184 |       ||   624
       Long sword        |       |       |   177 |       ||   177
       Dagger            |       |       |   197 |   416 ||   613
Invok: Heroism           |       |       |     1 |       ||     1
Evoke: Wand              |       |     4 |    18 |       ||    22
  Use: Scroll            |       |     8 |     8 |     7 ||    23
 Stab: Paralysed         |       |     8 |       |       ||     8
Armor: Scale mail        |     6 |       |       |       ||     6
       Plate armour      |    90 |   186 |   395 |   193 ||   864
Dodge: Dodged            |    20 |    39 |   106 |    59 ||   224
Block: Shield            |    61 |   143 |   269 |   125 ||   598
       Rpst.: Long sword |       |       |    13 |       ||    13
